 Dungeon Crawl Stone Soup version 0.29-a0-575-g0dc89cf053 (webtiles) character file.

Game seed: 7647738087919690337

17245 croobank the Covert (level 12, 0/97 HPs)
             Began as a Gnoll Delver on June 12, 2022.
             Was an Initiate of Gozag.
             Slain by a two-headed ogre
             ... wielding a +0 giant spiked club
              (35 damage)
             ... on level 11 of the Dungeon on June 13, 2022.
             The game lasted 01:03:35 (17797 turns).

croobank the Covert (Gnoll Delver)                 Turns: 17797, Time: 01:03:36

Health: 0/97       AC:  7    Str: 13    XL:     12   Next: 46%
Magic:  22/22      EV: 15    Int: 17    God:    Gozag
Gold:   1602       SH:  0    Dex: 14    Spells: 21/25 levels left

rFire   + . .      SeeInvis .   A - +7 long sword of the Solemn God {spect, rPois Int+4 Stlth+}
rCold   + . .      Faith    .   (no shield)
rNeg    . . .      Spirit   .   b - +0 leather armour
rPois   +          Reflect  .   v - +0 helmet
rElec   .          Harm     .   w - +0 cloak
rCorr   .          Rampage  .   (no gloves)
Will    .....                   C - +0 pair of boots
Stlth   ++++++....              (no amulet)
HPRegen 0.26/turn               m - ring of protection from cold
MPRegen 0.18/turn               p - ring of protection from fire

@: invisible
A: fangs 1, strong nose, distributed training
a: Renounce Religion, Potion Petition, Call Merchant, Bribe Branch


You were on level 11 of the Dungeon.
You worshipped Gozag.
Gozag was most pleased with you.
You visited 3 branches of the dungeon, and saw 14 of its levels.
You also visited: Ossuary.

You collected 3619 gold pieces.
You paid 2017 gold pieces to Gozag.

Inventory:

Hand Weapons
 a - the +9 war axe of Enormous Optimality {vorpal, Str+3}
   (You found it on level 3 of the Dungeon)

   It inflicts extra damage upon your enemies.
   Str:       It affects your strength (+3).
 d - a +4 battleaxe
 i - a +2 long sword
 l - a +0 trident
 o - a +3 quarterstaff of chaos
 u - a +1 mace of protection
 A - the +7 long sword of the Solemn God (weapon) {spect, rPois Int+4 Stlth+}
   (You took it off an orc on level 10 of the Dungeon)

   When its wielder attacks, the weapon's spirit leaps out and strikes again.
   The spirit shares a part of any damage it takes with its wielder.
   Int:       It affects your intelligence (+4).
   rPois:     It protects you from poison.
   Stlth:     It makes you more stealthy.
 B - a +0 shortbow
 K - a +2 flail of protection
 U - the +9 falchion of Sloth {elec, rElec rN+ rCorr Int-3}
   (You found it on level 9 of the Dungeon)

   It occasionally discharges a powerful burst of electricity upon striking a
   foe.
   Int:       It affects your intelligence (-3).
   rElec:     It insulates you from electricity.
   rN:        It protects you from negative energy.
   rCorr:     It protects you from acid and corrosion.
 W - a +1 dire flail
 X - a +1 falchion of holy wrath
Missiles
 k - 2 javelins
 n - 3 atropa-tipped darts (quivered)
 r - 39 stones
Armour
 b - a +0 leather armour (worn)
 e - a +2 scale mail of willpower
 v - a +0 helmet (worn)
 w - a +0 cloak (worn)
 C - a +0 pair of boots (worn)
 M - a +2 chain mail of positive energy
 Y - a +0 ring mail of poison resistance
Jewellery
 f - a ring of flight
 m - a ring of protection from cold (left hand)
 p - a ring of protection from fire (right hand)
 R - a ring of see invisible
Wands
 g - a wand of digging (12)
 D - a wand of iceblast (3)
 G - a wand of charming (8)
 I - a wand of polymorph (6)
 S - a wand of paralysis (7)
Scrolls
 c - 3 scrolls of fog
 y - 2 scrolls of enchant weapon {unknown}
 H - a scroll of poison
 J - a scroll of amnesia
 T - a scroll of magic mapping
 V - a scroll of identify
Potions
 h - 3 potions of brilliance
 j - 5 potions of curing
 q - 2 potions of attraction
 s - 8 potions of lignification
 t - 3 potions of flight
 x - 3 potions of mutation
 z - a potion of invisibility
 F - 2 potions of ambrosia
 P - a potion of magic
 Q - a potion of degeneration {unknown}


   Skills:
 + Level 9.9 Fighting
 + Level 7.3 Short Blades
 + Level 7.3 Long Blades
 + Level 8.7 Axes
 + Level 7.3 Maces & Flails
 + Level 7.3 Polearms
 + Level 7.3 Staves
 + Level 7.3 Slings
 + Level 7.3 Bows
 + Level 7.3 Crossbows
 + Level 7.3 Throwing
 + Level 7.3 Armour
 + Level 8.7 Dodging
 + Level 12.0 Stealth
 + Level 7.3 Shields
 + Level 7.3 Unarmed Combat
 + Level 7.3 Spellcasting
 + Level 6.0 Conjurations
 + Level 6.0 Hexes
 + Level 6.0 Summonings
 + Level 6.0 Necromancy
 + Level 6.0 Translocations
 + Level 6.0 Transmutations
 + Level 6.0 Fire Magic
 + Level 6.0 Ice Magic
 + Level 6.0 Air Magic
 + Level 6.0 Earth Magic
 + Level 6.0 Poison Magic
 + Level 8.0 Invocations
 + Level 7.3 Evocations


You had 21 spell levels left.
You knew the following spells:

 Your Spells              Type           Power      Damage    Failure   Level
a - Airstrike             Air            13%        N/A       11%         4

Your spell library contained the following spells:

 Spells                   Type           Power      Damage    Failure   Level
 Beastly Appendage        Tmut           52%        N/A       1%          1
 Shock                    Conj/Air       100%       1d9       1%          1
 Wereblood                Tmut           26%        N/A       1%          2
 Gell's Gravitas          Tloc           26%        N/A       3%          3
 Lesser Beckoning         Tloc           26%        N/A       3%          3
 Spider Form              Tmut/Pois      26%        N/A       3%          3
 Swiftness                Air            26%        N/A       3%          3
 Teleport Other           Tloc           26%        N/A       3%          3


Dungeon Overview and Level Annotations

Branches:
Dungeon (11/15)            Temple (1/1) D:6            Lair (0/6) D:11
    Orc (2/2) D:10            Elf (0/3) Orc:2       Ossuary (visited)

Altars:
Ashenzari
Cheibriados
Dithmenos
Elyvilon
Fedhas
Gozag
Hepliaklqana
Kikubaaqudgha
Makhleb
Nemelex Xobeh
Okawaru
Qazlal
Ru
Sif Muna
Trog
Uskayaw
Vehumet
Wu Jian
Xom
Yredelemnul
Zin
The Shining One

Shops:
D:1 *   D:4 (   Orc:2 [

Annotations:
D:3 1 runed translucent door, xian's ghost, amateur DECj
D:4 2 transporters, DocClef's ghost, weakling GnDe
D:11 Harold


Innate Abilities, Weirdness & Mutations

You have very sharp teeth.
Your uncanny sense of smell can sniff out nearby items.
Your experience applies equally to all skills.


Message History

There is a stone staircase leading down here.
You barely miss the death yak.
The death yak is heavily wounded.
Your +7 long sword of the Solemn God {spect, rPois Int+4 Stlth+} hits the death yak!
The death yak is distracted by your dazzling golden aura.
You barely miss the death yak.
The death yak is no longer distracted by gold.
The death yak bellows!
The death yak is severely wounded.
Your +7 long sword of the Solemn God {spect, rPois Int+4 Stlth+} hits the death yak!
The death yak barely misses you.
You hit the death yak but do no damage.
The death yak is severely wounded.
Your +7 long sword of the Solemn God {spect, rPois Int+4 Stlth+} hits the death yak!!
You kill the death yak!
Your Stealth skill increases to level 12!
Your Invocations skill increases to level 8!
You now have 1602 gold pieces (gained 20).
You start resting.
HP restored.
There is a stone staircase leading down here.
You don't know any spells.
Unknown command.
This spell is dangerous to cast!
Memorise Airstrike, consuming 4 spell levels and leaving 21?
You start memorising the spell.
You continue memorising. x4
You finish memorising.
Spell assigned to 'a'.
You climb downwards.
Level annotation: Harold The howler monkey hits you but does no damage.
The howler monkey barely misses you.
A troll comes into view.
The two-headed ogre hits you with a +0 giant spiked club!!
The two-headed ogre hits you with a +0 giant club!!
There is a stone staircase leading up, spattered with blood here.
You fade into invisibility!
The howler monkey misses you.
The two-headed ogre hits you with a +0 giant spiked club!!
You die...
Your body crumbles into a pile of gold. ....#.. .....#. .#..... ##rrT.... #rrr#

#######'#######
#.....W.......#
#...h$........#
#...@.........#
#....O........#
#.............#
#.............#
#..............
#..........>..#
###############


You could see a two-headed ogre (can't see you), a troll (can't see you), a
wraith, a howler monkey (can't see you), 3 hell rats, a river rat (can't see
you) and a quokka (can't see you).

Vanquished Creatures
  An ettin (Orc:1)
  A two-headed ogre (D:11)
  3 death yaks
  3 orc knights (Orc:1)
  A cyclops (Orc:2)
  6 trolls
  Prince Ribbit (D:6)
  3 wyverns
  A wraith (D:10)
  11 yaks (D:10)
  4 steam dragons
  Menkaure (D:6)
  6 wargs
  2 acid dragons
  A water moccasin (D:9)
  3 sky beasts
  20 orc warriors
  2 black bears
  12 ogres
  A centaur (D:7)
  A phantom (D:5)
  A bullfrog (D:9)
  2 gnoll sergeants
  4 necrophages
  A wyvern zombie (D:6)
  2 water moccasin zombies (D:6)
  A scorpion (D:4)
  21 wights
  3 killer bees (D:10)
  8 howler monkeys
  3 bullfrog zombies (D:6)
  3 hounds
  A human zombie (D:6)
  4 jellies
  Crazy Yiuf (D:2)
  10 orc priests
  Jessica (D:2)
  6 iguanas
  16 orc wizards
  A killer bee zombie (D:6)
  2 mummies
  Robin (D:2)
  A howler monkey zombie (D:6)
  13 gnolls
  9 adders
  A shadow imp (D:6)
  2 worms
  3 dart slugs
  63 orcs
  3 spectral bats (Ossuary)
  8 bats
  6 endoplasms
  4 giant cockroaches
  12 gnoll zombies (Ossuary)
  11 goblins
  10 hobgoblins
  12 jackals
  9 kobolds
  9 quokkas
  10 ball pythons
  5 bat simulacra (Ossuary)
  3 frilled lizards (D:1)
  2 goblin simulacra (Ossuary)
  5 goblin zombies (Ossuary)
  A hobgoblin zombie (Ossuary)
  5 kobold simulacra (Ossuary)
  7 kobold zombies (Ossuary)
  5 orc zombies (Ossuary)
  5 rats
  A rat simulacrum (Ossuary)
  2 spectral goblins (Ossuary)
  4 spectral kobolds (Ossuary)
  A spectral rat (Ossuary)
408 creatures vanquished.

Vanquished Creatures (others)
  6 plants
  A withered plant (D:3)
7 creatures vanquished.

Grand Total: 415 creatures vanquished

Notes
Turn   | Place    | Note
-------+----------+-------------------------------------------
     0 | D:5      | Reached skill level 9 in Stealth
     0 | D:5      | croobank the Gnoll Delver began the quest for the Orb.
     0 | D:5      | Reached XP level 1. HP: 23/23 MP: 1/1
    12 | D:5      | Noticed a necrophage
    24 | D:5      | Noticed an iguana
    27 | D:5      | Noticed a phantom
    43 | D:5      | Noticed a jelly
    52 | D:4      | Noticed a hound
    93 | D:3      | Reached XP level 2. HP: 29/29 MP: 2/2
   138 | D:3      | Reached XP level 3. HP: 24/35 MP: 3/3
   398 | D:2      | Noticed Jessica
   429 | D:1      | Reached skill level 1 in Invocations
   562 | D:1      | Reached skill level 1 in Short Blades
   562 | D:1      | Reached skill level 1 in Long Blades
   562 | D:1      | Reached skill level 1 in Maces & Flails
   562 | D:1      | Reached skill level 1 in Polearms
   562 | D:1      | Reached skill level 1 in Staves
   562 | D:1      | Reached skill level 1 in Slings
   562 | D:1      | Reached skill level 1 in Bows
   562 | D:1      | Reached skill level 1 in Crossbows
   562 | D:1      | Reached skill level 1 in Throwing
   562 | D:1      | Reached skill level 1 in Armour
   562 | D:1      | Reached skill level 1 in Shields
   562 | D:1      | Reached skill level 1 in Unarmed Combat
   562 | D:1      | Reached skill level 1 in Spellcasting
   562 | D:1      | Reached skill level 1 in Evocations
   713 | D:1      | Reached XP level 4. HP: 34/41 MP: 5/5
   806 | D:1      | Found Umyin's Assorted Antiques.
  1395 | D:2      | Found a shadowy altar of Dithmenos.
  1422 | D:2      | Killed Jessica
  1423 | D:2      | Reached skill level 1 in Conjurations
  1423 | D:2      | Reached skill level 1 in Hexes
  1423 | D:2      | Reached skill level 1 in Summonings
  1423 | D:2      | Reached skill level 1 in Necromancy
  1423 | D:2      | Reached skill level 1 in Translocations
  1423 | D:2      | Reached skill level 1 in Transmutations
  1423 | D:2      | Reached skill level 1 in Fire Magic
  1423 | D:2      | Reached skill level 1 in Ice Magic
  1423 | D:2      | Reached skill level 1 in Air Magic
  1423 | D:2      | Reached skill level 1 in Earth Magic
  1423 | D:2      | Reached skill level 1 in Poison Magic
  1837 | D:2      | Found a runed translucent door.
  1838 | D:2      | Noticed Crazy Yiuf
  1901 | D:2      | Found a faded altar of an unknown god.
  2149 | D:2      | Noticed Robin
  2167 | D:2      | Reached XP level 5. HP: 41/47 MP: 6/6
  2177 | D:2      | Killed Robin
  2504 | D:2      | Killed Crazy Yiuf
  2696 | D:3      | Identified the +9 war axe of Enormous Optimality {vorpal,
                  | Str+3}
  2703 | D:3      | Found a runed translucent door.
  2703 | D:3      | Noticed xian's ghost (amateur DECj)
  2864 | D:4      | Reached XP level 6. HP: 12/53 MP: 8/8
  3121 | D:4      | You are sucked into a shaft and drop 3 floors!
  3137 | D:7      | Reached skill level 5 in Axes
  3137 | D:7      | Reached skill level 5 in Dodging
  3145 | D:7      | Noticed a steam dragon
  3248 | D:6      | Found a staircase to the Ecumenical Temple.
  3250 | D:6      | Noticed an orc warrior
  3317 | D:4      | Reached XP level 7. HP: 57/59 MP: 10/10
  3332 | D:4      | Found Siliss's Weapon Boutique.
  3802 | D:4      | Reached skill level 10 in Stealth
  3856 | D:4      | Reached XP level 8. HP: 67/67 MP: 12/12
  4143 | D:4      | Noticed DocClef's ghost (weakling GnDe)
  4196 | D:4      | Found a transporter.
  4199 | D:4      | Found a transporter.
  4214 | D:4      | Identified the +7 trident of the Moon {venom, rElec Int+4
                  | SInv}
  4214 | D:4      | Identified the +2 scale mail of the Catfish {Harm Int+4}
  5476 | D:6      | Reached XP level 9. HP: 72/72 MP: 14/14
  5477 | D:6      | Noticed Prince Ribbit
  5487 | D:6      | Killed Prince Ribbit
  5956 | D:6      | Found a basalt altar of Yredelemnul.
  6154 | D:6      | Noticed Menkaure
  6161 | D:6      | Killed Menkaure
  6247 | D:6      | Reached skill level 5 in Invocations
  6535 | Temple   | Entered the Ecumenical Temple
  6692 | Temple   | Became a worshipper of Gozag Ym Sagoz the Greedy
  7118 | D:7      | Reached XP level 10. HP: 50/80 MP: 17/17
  7831 | D:8      | Found a sand-covered staircase.
  7835 | Ossuary  | Entered an ossuary
  8131 | Ossuary  | Reached skill level 5 in Short Blades
  8131 | Ossuary  | Reached skill level 5 in Long Blades
  8131 | Ossuary  | Reached skill level 5 in Maces & Flails
  8131 | Ossuary  | Reached skill level 5 in Polearms
  8131 | Ossuary  | Reached skill level 5 in Staves
  8131 | Ossuary  | Reached skill level 5 in Slings
  8131 | Ossuary  | Reached skill level 5 in Bows
  8131 | Ossuary  | Reached skill level 5 in Crossbows
  8131 | Ossuary  | Reached skill level 5 in Throwing
  8131 | Ossuary  | Reached skill level 5 in Armour
  8131 | Ossuary  | Reached skill level 5 in Shields
  8131 | Ossuary  | Reached skill level 5 in Unarmed Combat
  8131 | Ossuary  | Reached skill level 5 in Spellcasting
  8131 | Ossuary  | Reached skill level 5 in Evocations
  9361 | D:9      | Reached skill level 11 in Stealth
 10054 | D:9      | Identified the +9 falchion of Sloth {elec, rElec rN+ rCorr
                  | Int-3}
 10320 | D:10     | Entered Level 10 of the Dungeon
 10550 | D:10     | HP: 1/82 [yak (6)]
 10553 | D:10     | Reached XP level 11. HP: 47/87 MP: 19/19
 11363 | D:10     | Reached skill level 5 in Conjurations
 11363 | D:10     | Reached skill level 5 in Hexes
 11363 | D:10     | Reached skill level 5 in Summonings
 11363 | D:10     | Reached skill level 5 in Necromancy
 11363 | D:10     | Reached skill level 5 in Translocations
 11363 | D:10     | Reached skill level 5 in Transmutations
 11363 | D:10     | Reached skill level 5 in Fire Magic
 11363 | D:10     | Reached skill level 5 in Ice Magic
 11363 | D:10     | Reached skill level 5 in Air Magic
 11363 | D:10     | Reached skill level 5 in Earth Magic
 11363 | D:10     | Reached skill level 5 in Poison Magic
 11879 | D:10     | HP: 3/88 [yak (15)]
 12378 | D:10     | HP: 2/89 [orc priest/divine providence (11)]
 12795 | D:10     | Identified the +7 long sword of the Solemn God {spect,
                  | rPois Int+4 Stlth+}
 12805 | D:10     | Found a staircase to the Orcish Mines.
 13293 | Orc:1    | Entered Level 1 of the Orcish Mines
 13714 | Orc:1    | Noticed an orc knight
 14146 | Orc:1    | Noticed an ettin
 14161 | Orc:1    | Killed an ettin
 14172 | Orc:1    | Killed an orc knight
 15128 | Orc:2    | Entered Level 2 of the Orcish Mines
 15134 | Orc:2    | Noticed an orc knight
 15541 | Orc:2    | Noticed a cyclops
 15940 | Orc:1    | Killed an orc knight
 16272 | Orc:2    | Killed a cyclops
 16273 | Orc:2    | Reached XP level 12. HP: 81/96 MP: 22/22
 16663 | Orc:2    | Found a staircase to the Elven Halls.
 16958 | Orc:2    | Found Qofaf's Antique Armour Shop.
 16988 | Orc:2    | Noticed a two-headed ogre
 16989 | Orc:2    | Noticed an ogre mage
 17186 | Orc:2    | Noticed an ogre mage
 17186 | Orc:2    | Noticed a two-headed ogre
 17186 | Orc:2    | Noticed a two-headed ogre
 17186 | Orc:2    | Noticed a two-headed ogre
 17564 | D:11     | Noticed Harold
 17619 | D:11     | Noticed a two-headed ogre
 17625 | D:11     | Killed a two-headed ogre
 17634 | D:11     | Found a staircase to the Lair.
 17634 | D:11     | Noticed a death yak
 17635 | D:11     | Noticed a death yak
 17642 | D:11     | Noticed a death yak
 17644 | D:11     | Killed a death yak
 17649 | D:11     | Killed a death yak
 17650 | D:11     | Noticed a two-headed ogre
 17658 | D:10     | Killed a death yak
 17659 | D:10     | Reached skill level 12 in Stealth
 17795 | D:10     | Learned a level 4 spell: Airstrike
 17797 | D:11     | Slain by a two-headed ogre

Illustrated notes

Levels and vault maps discovered:
D:1:      psy_arrival_radial01, layout_basic, serial_shops, shop_fountains
D:2:      layout_basic, basic_altar, nicolae_ecumenical_snake_handling,
          st_stairs_5, uniq_crazy_yiuf_cottage, uniq_jessica, uniq_robin
D:3:      layout_rooms, gammafunk_ghost_grave
D:4:      minmay_polygon_palace, layout_cave_pools,
          gammafunk_ghost_gnarly_gnolls, serial_shops, shop,
          minmay_a_box_with_orc_wizards_in_it
D:5:      layout_loops_ring, uniq_sigmund
D:6:      layout_cave_pods, lemuel_mausoleum_altar_yredelemnul,
          minmay_temple_entry_mist, serial_park_tiny_pond,
          serial_bayou_crossing, uniq_prince_ribbit1, uniq_menkaure
D:7:      layout_basic
D:8:      layout_loops_cross, nicolae_ossuary_entry_plus, corner_web_ring,
          ebering_dispersal_statue_hall
D:9:      layout_rooms, minivault_25_ag
D:10:     layout_basic, david_orc_4
D:11:     layout_roguey, dpeg_lair_monsters, uniq_harold
Temple:   mainiacjoe_temple_archimedes_tessellation
Orc:1:    cheibrodos_orc_guarddog, layout_caves, nicolae_orc_rockfall
Orc:2:    st_orc_open, layout_diamond_mine, nicolae_orc_crystal_geode

Skill      XL: |  1  2  3  4  5  6  7  8  9 10 11 12 |
---------------+-------------------------------------+-----
Stealth        | 10 11 12 | 12.0
Invocations    | 1 2 3 4 5 6 7 8 |  8.0
Short Blades   | 1 2 3 4 5 6 7 |  7.3
Long Blades    | 1 2 3 4 5 6 7 |  7.3
Maces & Flails | 1 2 3 4 5 6 7 |  7.3
Polearms       | 1 2 3 4 5 6 7 |  7.3
Staves         | 1 2 3 4 5 6 7 |  7.3
Slings         | 1 2 3 4 5 6 7 |  7.3
Bows           | 1 2 3 4 5 6 7 |  7.3
Crossbows      | 1 2 3 4 5 6 7 |  7.3
Throwing       | 1 2 3 4 5 6 7 |  7.3
Armour         | 1 2 3 4 5 6 7 |  7.3
Shields        | 1 2 3 4 5 6 7 |  7.3
Unarmed Combat | 1 2 3 4 5 6 7 |  7.3
Spellcasting   | 1 2 3 4 5 6 7 |  7.3
Evocations     | 1 2 3 4 5 6 7 |  7.3
Conjurations   | 1 2 3 4 5 6 |  6.0
Hexes          | 1 2 3 4 5 6 |  6.0
Summonings     | 1 2 3 4 5 6 |  6.0
Necromancy     | 1 2 3 4 5 6 |  6.0
Translocations | 1 2 3 4 5 6 |  6.0
Transmutations | 1 2 3 4 5 6 |  6.0
Fire Magic     | 1 2 3 4 5 6 |  6.0
Ice Magic      | 1 2 3 4 5 6 |  6.0
Air Magic      | 1 2 3 4 5 6 |  6.0
Earth Magic    | 1 2 3 4 5 6 |  6.0
Poison Magic   | 1 2 3 4 5 6 |  6.0
Axes           | 5 6 7 8 |  8.7
Dodging        | 5 6 7 8 |  8.7
Fighting       | 7 8 9 |  9.9

Action                   |  1- 3 |  4- 6 |  7- 9 | 10-12 || total
-------------------------+-------+-------+-------+-------++-------
Melee: Hand axe          |    19 |    52 |       |       ||    71
       Bite              |     2 |     6 |    17 |    59 ||    84
       War axe           |    51 |    66 |   201 |   343 ||   661
       Punch             |       |     1 |     2 |    20 ||    23
       Quarterstaff      |       |     7 |       |       ||     7
       Long sword        |       |       |       |   162 ||   162
       Falchion          |       |       |       |    10 ||    10
       Dagger            |       |       |       |     1 ||     1
 Fire: Shortbow          |       |       |     3 |       ||     3
Throw: Dart              |       |       |       |     6 ||     6
Invok: Potion Petition   |       |       |       |     4 ||     4
Evoke: Wand              |     3 |     1 |     6 |    24 ||    34
  Use: Potion            |     1 |     1 |       |     9 ||    11
       Scroll            |     1 |    10 |     8 |    11 ||    30
 Stab: Sleeping          |    10 |    10 |    22 |    17 ||    59
       Distracted        |       |       |       |     9 ||     9
       Invisible         |       |       |       |     1 ||     1
Armor: Leather armour    |    33 |    34 |    55 |   108 ||   230
Dodge: Dodged            |    68 |    90 |   134 |   373 ||   665

Table legend: (Time is in decaauts)
 A = Elapsed time spent in this place.
 B = Non-inter-level travel time spent in this place.
 C = Inter-level travel time spent in this place.
 D = Time resting spent in this place.
 E = Time spent auto-exploring this place.
 F = Levels seen in this place.
 G = Mean time per level.
                   A        B        C        D        E       F      G
               +--------+--------+--------+--------+--------+-----+--------+
         Total |  17905 |  17368 |    537 |   5562 |   7873 |  15 | 1193.7 |
       Dungeon |  14096 |  13649 |    447 |   4055 |   6842 |  11 | 1281.5 |
        Temple |    231 |    196 |     35 |      0 |    170 |   1 |  231.0 |
  Orcish Mines |   3167 |   3112 |     55 |   1506 |    682 |   2 | 1583.5 |
       Ossuary |    409 |    409 |      0 |      0 |    179 |   1 |  409.0 |
               +--------+--------+--------+--------+--------+-----+--------+

Top non-repeatable levels by time:
    D:10: 4283 daAuts
   Orc:1: 2275 daAuts
     D:6: 1924 daAuts
     D:2: 1326 daAuts
     D:4: 1300 daAuts
     D:9: 1132 daAuts
     D:8: 1031 daAuts
     D:1: 949 daAuts
   Orc:2: 892 daAuts
     D:5: 863 daAuts
     D:7: 723 daAuts
     D:3: 520 daAuts
 Ossuary: 409 daAuts
  Temple: 231 daAuts
    D:11: 41 daAuts
